 Dungeon Crawl Stone Soup version 0.22.0-38-g04b72b8 (webtiles) character file.

90554 Folque the Thaumaturge (level 15, -13/103 HPs)
             Began as a Demonspawn Wizard on Aug 24, 2018.
             Was a High Priest of Sif Muna.
             Mangled by a merfolk impaler
             ... wielding a +0 trident of piercing
              (18 damage)
             ... on level 1 of the Shoals on Aug 29, 2018.
             The game lasted 08:10:30 (36702 turns).

Folque the Thaumaturge (Demonspawn Wizard)         Turns: 36702, Time: 08:10:31

Health: -13/103    AC: 25    Str: 22    XL:     15   Next: 52%
Magic:  0/29       EV: 13    Int: 24    God:    Sif Muna [*****.]
Gold:   1404       SH:  0    Dex: 13    Spells: 2/42 levels left

rFire    x . .     SeeInvis +   A - +7 falchion "Qyopi" {slice, Fragile Str+8}
rCold    + . .     Gourm    .   (no shield)
rNeg     . . .     Faith    .   r - +0 acid dragon scales
rPois    +         Spirit   +   w - +2 helmet {SInv}
rElec    .         Reflect  .   H - scarf {repulsion}
rCorr    +         Harm     .   h - +0 pair of gloves
MR       +....                  M - +0 pair of boots (curse)
Stlth    +.........             G - amulet of the acrobat
HPRegen  0.27/turn              P - ring of Impatience {rPois rF- rC+ Str+6}
MPRegen  0.42/turn              O - ring of wizardry

@: about to teleport, sanguine armour, slowed, repel missiles, very slow
A: talons 2, low mp 1, powered by pain 1, magic shield, magic regeneration,
sanguine armour 3
a: Divine Energy, Channel Magic, Forget Spell, Renounce Religion


You were on level 1 of the Shoals.
You worshipped Sif Muna.
Sif Muna was extremely pleased with you.
You were very hungry.

You visited 7 branches of the dungeon, and saw 27 of its levels.
You also visited: Sewer, Bailey and Ice Cave.

You collected 2084 gold pieces.
You spent 680 gold pieces at shops.

Inventory:

Hand Weapons
 j - the +7 hand axe of Intimidation {vamp, rPois Str+2}
   (You found it on level 12 of the Dungeon)

   It inflicts no extra harm, but heals its wielder when it wounds a living foe.
   It affects your strength (+2).
   It protects you from poison.
 k - the +4 demon blade of Fimbulwinter {drain, Dex+5}
   (You found it on level 6 of the Lair of Beasts)

   A truly terrible weapon, it drains the life of those it strikes.
   It affects your dexterity (+5).
 A - the +7 falchion "Qyopi" (weapon) {slice, Fragile Str+8}
   (You found it on level 6 of the Lair of Beasts)

   It inflicts extra damage upon your enemies.
   It affects your strength (+8).
   It will be destroyed if unequipped.
 N - a +3 blowgun
Missiles
 v - 79 poisoned needles
 V - 7 curare-tipped needles
Armour
 h - a +0 pair of gloves (worn)
 r - +0 acid dragon scales (worn)
 w - a +2 helmet of see invisible (worn)
 x - the +1 cloak "Baechyun" {rN+}
   (You acquired it on level 13 of the Dungeon)

   It protects you from negative energy.
 H - a scarf of repulsion (worn)
 M - a cursed +0 pair of boots (worn)
 Q - a +2 shield
Jewellery
 o - an uncursed ring of poison resistance
 u - an uncursed ring of ice
 G - an amulet of the acrobat (around neck)
 O - a ring of wizardry (right hand)
 P - the ring of Impatience (left hand) {rPois rF- rC+ Str+6}
   (You found it on level 4 of the Lair of Beasts)

   [ring of poison resistance]

   It affects your strength (+6).
   It makes you vulnerable to fire.
   It protects you from cold.
   It protects you from poison.
 Y - a +4 ring of protection
Wands
 t - a wand of polymorph (27)
 z - a wand of random effects (80)
 C - a wand of flame (40)
 J - a wand of enslavement (12)
 L - a wand of paralysis (28)
 T - a wand of acid (17)
 U - a wand of iceblast (22)
Scrolls
 a - 2 scrolls of blinking
 f - 12 scrolls of remove curse
 n - a scroll of summoning
 p - 7 scrolls of teleportation
 s - 4 scrolls of magic mapping
 B - 2 scrolls of identify
 D - 5 scrolls of amnesia
 K - 2 scrolls of fear
 R - 6 scrolls of enchant weapon
 X - a scroll of silence
Potions
 b - a potion of magic
 c - a potion of flight
 e - 7 potions of brilliance
 g - 5 potions of berserk rage
 i - 2 potions of ambrosia
 l - 18 potions of curing
 m - 6 potions of agility
 q - 6 potions of heal wounds
 E - 4 potions of might
 I - 6 potions of haste
 S - a potion of resistance
 W - 2 potions of invisibility
 Z - a potion of cancellation
Miscellaneous
 F - a fan of gales
Comestibles
 d - 5 rations


   Skills:
 - Level 5.2 Fighting
 * Level 6.3 Long Blades
 - Level 4.1 Axes
   Level 1.0(3.7) Polearms
   Level 3.9(4.0) Staves
 - Level 6.1 Armour
 - Level 4.0 Dodging
 - Level 1.7 Stealth
 + Level 4.8 Shields
 - Level 14.0 Spellcasting
 - Level 11.2 Conjurations
 - Level 4.0 Hexes
 - Level 7.0 Summonings
 - Level 3.1 Necromancy
 - Level 4.1 Translocations
 - Level 4.0 Fire Magic
 - Level 5.0 Air Magic
 - Level 5.0 Earth Magic
 - Level 3.2 Poison Magic
 - Level 9.2 Invocations


You had 2 spell levels left.
You knew the following spells:

 Your Spells              Type           Power        Failure   Level  Hunger
a - Magic Dart            Conj           ####         1%          1    None
b - Call Imp              Summ           ######..     1%          2    None
c - Blink                 Tloc           N/A          1%          2    None
d - Mephitic Cloud        Conj/Pois/Air  #####...     1%          3    None
e - Conjure Flame         Conj/Fire      ######..     1%          3    None
f - Slow                  Hex            #####...     1%          2    None
g - Shock                 Conj/Air       ####         1%          1    None
h - Lightning Bolt        Conj/Air       ######....   1%          5    ###....
i - Swiftness             Chrm/Air       ####....     1%          2    None
j - Bolt of Draining      Conj/Necr      ######....   2%          5    ###....
k - Bolt of Magma         Conj/Fire/Erth #####.....   3%          5    ###....
l - Leda's Liquefaction   Hex/Erth       #####.....   2%          4    None
m - Summon Forest         Summ/Tloc      #####.....   4%          5    ###....

Your spell library contained the following spells:

 Spells                   Type           Power        Failure   Level  Hunger
 Beastly Appendage        Tmut           ###...       1%          1    None
 Sandblast                Erth           #####.       1%          1    None
 Corpse Rot               Necr           N/A          1%          2    None
 Sublimation of Blood     Necr           ####......   1%          2    None
 Sticks to Snakes         Tmut           ###.....     2%          2    None
 Recall                   Summ/Tloc      N/A          1%          3    None
 Static Discharge         Conj/Air       ######..     1%          3    None
 Stone Arrow              Conj/Erth      ######       1%          3    None
 Summon Guardian Golem    Hex/Summ       #####...     1%          3    None
 Throw Icicle             Conj/Ice       #####...     1%          4    None
 Spider Form              Tmut/Pois      ###.......   2%          3    None
 Airstrike                Air            #####.....   2%          4    None
 Aura of Abjuration       Summ           ######....   2%          5    ###....
 Summon Demon             Summ           ######....   2%          5    ###....
 Summon Mana Viper        Hex/Summ       #####...     4%          5    ###....
 Borgnjor's Vile Clutch   Necr/Erth      #####.....   9%          5    ###....
 Iron Shot                Conj/Erth      ######....   10%         6    #####..
 Agony                    Necr           ####....     13%         5    ###....
 Dispel Undead            Necr           ####....     13%         5    ###....
 Ice Form                 Ice/Tmut       ###.....     16%         4    None
 Shadow Creatures         Summ           N/A          16%         6    #####..
 Excruciating Wounds      Chrm/Necr      ###.......   26%         5    ###....
 Blade Hands              Tmut           ###.......   41%         5    ###....
 Summon Greater Demon     Summ           ######....   58%         7    ######.
 Haunt                    Necr/Summ      #####.....   86%         7    ######.
 Lehudib's Crystal Spear  Conj/Erth      ######....   98%         8    #######


Dungeon Overview and Level Annotations

Branches:
Dungeon (15/15)            Temple (1/1) D:4            Lair (6/6) D:11
 Shoals (1/4) Lair:2        Snake (0/4) Lair:3        Slime (0/5) Lair:6
    Orc (2/2) D:10            Elf (1/3) Orc:2        Vaults (0/5) D:14
 Depths (1/5) D:15

Altars:
Ashenzari
Dithmenos
Elyvilon
Fedhas
Gozag
Hepliaklqana
Kikubaaqudgha
Makhleb
Okawaru
Ru
Sif Muna
Trog
Uskayaw
Vehumet
Wu Jian
Xom
Yredelemnul
Zin
The Shining One

Shops:
D:11 !   D:13 ?   Orc:1 [   Orc:2 *!=?*

Annotations:
D:4 exclusion: statue
D:14 exclusion: Roxanne, Roxanne


Innate Abilities, Weirdness & Mutations

You have razor-sharp toenails.
You sometimes gain a little power by taking damage.
When hurt, damage is shared between your health and your magic reserves.
You regenerate magic rapidly.
When seriously injured, your bleeding wounds create very thick armour. (AC +12)
Your magical capacity is low. (-10% MP)


Message History

The merfolk completely misses the sea snake.
The wind drake is engulfed in noxious fumes.
The wind drake appears confused.
The wind drake barely misses you.
You riposte.
You slash the wind drake!
The wind drake is heavily wounded.
The merfolk siren hits you but does no damage.
The merfolk impaler hits you from afar with a trident of piercing!
* * * LOW HITPOINT WARNING * * *
x2 The faun is engulfed in noxious fumes.
The faun hits you with an uncursed spear!
* * * LOW HITPOINT WARNING * * *
The sea snake is engulfed in noxious fumes.
The sea snake bites you but does no damage.
The merfolk is engulfed in noxious fumes.
The merfolk appears confused.
The merfolk hits the wind drake with a trident!
The faun is engulfed in noxious fumes.
The faun appears confused.
The faun hits the merfolk impaler with a club!
The merfolk impaler hits you from afar with a trident of piercing!!
You die...

≈(............
≈≈..........S. ..
≈≈≈.....♣..... #..
≈≈≈...m.....# #...
≈≈≈≈....≈≈≈.####...
≈≈≈≈≈≈.≈≈≈≈..>.≈≈#
≈≈≈≈≈≈..≈≈((#.m≈.♣
≈≈≈≈≈≈...)≈(#).c######
≈≈≈≈≈≈...(..(mSm@c(..#
≈≈≈≈≈≈≈≈≈.)..((mkSm.##
≈≈≈≈≈≈≈≈≈≈...((###..#
≈≈≈≈≈≈≈...≈≈≈(.# #...#
.≈≈≈≈≈≈....≈≈.## #....#
.≈≈≈≈≈≈...≈≈≈..P ..[....
≈≈≈≈≈≈≈≈..≈≈≈P≈PPP........
≈≈≈≈≈≈≈≈≈≈≈≈≈Pc≈PP≈≈.....≈
≈≈≈≈≈≈≈≈≈≈≈≈≈≈P≈≈≈≈≈≈...≈≈


You could see a merfolk impaler, 2 sea snakes, a wind drake (confused), 3
merfolk, 2 fauns and a merfolk siren.

Vanquished Creatures
  Agnes (D:14)
  The ghost of MordorOrchid the Brawler, a journeyman TrBe of Trog (D:14)
  An ettin (Orc:2)
  Josephine (D:14)
  A yaktaur captain (D:15)
  A merfolk impaler (Shoals:1)
  7 hydras
  An ice dragon (Lair:4)
  2 centaur warriors
  19 two-headed ogres
  4 ogre magi
  The ghost of kalagan the Thaumaturge, a journeyman DEFE of Qazlal (Orc:1)
  A dancing weapon (Elf:1)
  Sonja (Lair:2)
  A deep elf knight (D:14)
  An unseen horror (D:12)
  2 orc knights (Orc:2)
  4 lindwurms (D:13)
  10 deep elf magi
  The ghost of Anon1729 the Chopper, a novice GnWn of Ru (D:5)
  An ugly thing (D:10)
  An orc sorcerer (Orc:2)
  A merfolk siren (Shoals:1)
  4 cyclopes
  2 ice statues
  A centaur zombie (D:12)
  6 black mambas
  5 elephants (Lair:6)
  2 gargoyles
  A molten gargoyle (Lair:3)
  5 centaur skeletons
  3 ice devils (IceCv)
  22 spiny frogs
  3 yaktaurs
  4 komodo dragons
  A freezing wraith (D:14)
  4 trolls
  4 tyrant leeches (Lair:6)
  A hornet (D:13)
  5 merfolk (Shoals:1)
  5 polar bears
  2 slime creatures (D:12)
  10 dream sheep
  22 blink frogs
  2 snapping turtles
  10 hippogriffs
  A vampire (D:15)
  A shadow (D:14)
  7 wraiths
  2 basilisks
  25 yaks
  A hungry ghost (D:7)
  13 vampire mosquitoes
  An acid dragon (D:15)
  9 water moccasins
  Duvessa (D:4)
  6 porcupines
  24 orc warriors
  An eye of draining (D:11)
  4 phantoms
  3 ice beasts
  3 sky beasts
  5 black bears
  32 ogres
  A necrophage (D:8)
  20 wolves
  9 crocodiles
  12 centaurs
  9 big kobolds
  Blork the orc (D:4)
  35 bullfrogs
  A wyvern skeleton (D:8)
  2 scorpions
  A killer bee (shapeshifter) (D:6)
  4 killer bees
  12 wights
  8 howler monkeys
  17 electric eels
  2 jellies
  10 crimson imps
  2 lava snakes (Lair:3)
  A bullfrog zombie (D:12)
  A quasit (D:6)
  16 orc wizards
  10 orc priests
  7 hounds
  Natasha (D:3)
  5 bullfrog skeletons
  Jessica (D:3)
  6 iguanas
  11 worker ants
  A killer bee zombie (D:5)
  2 hound zombies
  A hound skeleton (D:7)
  Robin (D:3)
  2 gnolls (D:8)
  16 adders
  2 shadow imps
  3 white imps (Lair:4)
  3 oozes
  An adder skeleton (D:10)
  2 dart slugs
  7 leopard geckos
  55 orcs
  8 bats
  11 giant cockroaches
  14 goblins
  6 hobgoblins
  8 jackals
  41 kobolds
  3 quokkas
  3 ball pythons
  9 frilled lizards
  A giant cockroach zombie (D:5)
  A jackal zombie (D:9)
  A leopard gecko skeleton (D:5)
  A quokka zombie (D:5)
  5 rats
  6 fungi
  7 plants
753 creatures vanquished.

Vanquished Creatures (collateral kills)
  Frances (D:12)
  A hydra (Lair:3)
  2 two-headed ogres (Orc:2)
  An ogre mage (Orc:2)
  A faun (Shoals:1)
  2 merfolk (Shoals:1)
  A wind drake (Shoals:1)
  A blink frog (Lair:3)
  3 yaks
  Menkaure (D:4)
  A water moccasin (Lair:3)
  4 orc warriors
  An ice beast (D:5)
  2 sky beasts
  3 ogres (Orc:2)
  3 big kobolds
  A wyvern skeleton (D:7)
  2 crimson imps
  A centaur zombie (D:11)
  2 jellies (D:7)
  Crazy Yiuf (D:3)
  3 orc priests
  Natasha (twice) (D:3)
  A gnoll (D:8)
  4 adders
  2 worms
  A dart slug (D:2)
  A leopard gecko (D:4)
  9 orcs
  A bat (D:3)
  A hobgoblin (D:3)
  A jackal (D:11)
  8 kobolds
  A ball python (Lair:3)
70 creatures vanquished.

Vanquished Creatures (others)
  A centaur warrior (D:13)
  Dowan (D:4)
  A shadow imp (D:12)
  An orc (D:8)
  A jackal (D:11)
  A quokka (D:8)
  4 fungi
  37 plants
  2 snaplasher vines
49 creatures vanquished.

Grand Total: 872 creatures vanquished

Notes
Turn   | Place    | Note
-------+----------+-------------------------------------------
     0 | D:1      | Folque the Demonspawn Wizard began the quest for the Orb.
     0 | D:1      | Reached XP level 1. HP: 13/13 MP: 4/4
   199 | D:1      | Reached skill level 1 in Fighting
   269 | D:1      | Gained mutation: When seriously injured, your bleeding wounds create armour. (AC +12) [demonic ancestry]
   269 | D:1      | Reached XP level 2. HP: 21/21 MP: 6/6
   771 | D:1      | Learned a level 2 spell: Call Imp
   774 | D:1      | Learned a level 2 spell: Blink
   820 | D:2      | Gained mutation: You have sharp toenails. [demonic ancestry]
   820 | D:2      | Reached XP level 3. HP: 12/27 MP: 0/7
  1048 | D:2      | Found a shimmering altar of Xom.
  1067 | D:2      | Found a sacrificial altar of Ru.
  1480 | D:2      | Found a bloodstained altar of Trog.
  1875 | D:3      | Reached XP level 4. HP: 34/34 MP: 8/8
  1892 | D:3      | Found a runed door.
  1899 | D:3      | Learned a level 3 spell: Mephitic Cloud
  2007 | D:3      | Noticed Jessica
  2011 | D:3      | Killed Jessica
  2119 | D:3      | Noticed Natasha
  2127 | D:3      | Noticed Robin
  2238 | D:3      | Killed Natasha
  2238 | D:3      | Gained mutation: When seriously injured, your bleeding wounds create thick armour. (AC +12) [demonic ancestry]
  2238 | D:3      | Reached XP level 5. HP: 41/41 MP: 6/10
  2310 | D:3      | Killed Robin
  2550 | D:3      | Found an opulent altar of Gozag.
  2879 | D:3      | Noticed Natasha
  2888 | D:3      | Killed Natasha
  2888 | D:3      | Reached skill level 1 in Poison Magic
  2898 | D:3      | Noticed Natasha
  2904 | D:3      | Killed Natasha
  2966 | D:3      | Noticed Crazy Yiuf
  2979 | D:3      | Paralysed by you for 3 turns
  2985 | D:3      | Killed Crazy Yiuf
  3167 | D:4      | Noticed a centaur
  3172 | D:4      | Gained mutation: When hurt, damage is shared between your health and your magic reserves. [demonic ancestry]
  3172 | D:4      | Reached XP level 6. HP: 42/47 MP: 7/11
  3172 | D:4      | Noticed Duvessa
  3177 | D:4      | Noticed Dowan
  3186 | D:4      | Noticed Blork the orc
  3198 | D:4      | Killed Dowan
  3206 | D:4      | Killed Duvessa
  3207 | D:4      | Killed Blork the orc
  3279 | D:4      | Found a radiant altar of Vehumet.
  3441 | D:4      | Found a glowing drain.
  3467 | Sewer    | Entered a sewer
  3480 | Sewer    | Reached skill level 4 in Spellcasting
  3485 | Sewer    | Learned a level 3 spell: Conjure Flame
  3492 | Sewer    | Reached XP level 7. HP: 48/52 MP: 8/13
  3561 | Sewer    | Reached skill level 1 in Armour
  3561 | Sewer    | Reached skill level 5 in Conjurations
  3903 | D:4      | Found an ornate altar of the Wu Jian Council.
  3921 | D:4      | Found a staircase to the Ecumenical Temple.
  3944 | Temple   | Entered the Ecumenical Temple
  3973 | Temple   | Became a worshipper of Sif Muna the Loreminder
  4008 | D:4      | Noticed Menkaure
  4020 | D:4      | Killed Menkaure
  4342 | D:5      | Entered Level 5 of the Dungeon
  4428 | D:5      | Reached XP level 8. HP: 54/58 MP: 9/15
  4515 | D:5      | Found a hide-covered altar of Uskayaw.
  4516 | D:5      | Noticed a hand axe
  4517 | D:5      | Noticed a hand axe
  4817 | D:5      | Reached * piety under Sif Muna
  4920 | D:5      | Found a runed gate.
  4920 | D:5      | Found a runed gate.
  4920 | D:5      | Found a runed gate.
  4920 | D:5      | Found an opulent altar of Gozag.
  4920 | D:5      | Noticed Anon1729's ghost (novice GnWn)
  4959 | D:5      | Reached skill level 5 in Spellcasting
  5282 | D:5      | Found a basalt altar of Yredelemnul.
  5513 | D:6      | Reached skill level 1 in Translocations
  5763 | D:6      | Reached skill level 6 in Spellcasting
  5907 | D:6      | Reached ** piety under Sif Muna
  6107 | D:6      | Gained mutation: You sometimes gain a little power by taking damage. [demonic ancestry]
  6107 | D:6      | Reached XP level 9. HP: 31/63 MP: 1/19
  6108 | D:6      | Upgraded the game from 0.22.0-36-g8e74550 to 0.22.0-38-g04b72b8
  6226 | D:6      | Found a glowing golden altar of the Shining One.
  6252 | D:6      | Reached skill level 7 in Spellcasting
  6845 | D:7      | Found a shattered altar of Ashenzari.
  6934 | D:7      | Reached skill level 1 in Fire Magic
  7110 | D:6      | Reached skill level 1 in Air Magic
  7483 | D:7      | Found an iron altar of Okawaru.
  7518 | D:7      | Reached *** piety under Sif Muna
  7998 | D:7      | Reached skill level 1 in Invocations
  8612 | D:7      | Found a hazy altar of Hepliaklqana.
  8961 | D:8      | Found an ancient bone altar of Kikubaaqudgha.
  8961 | D:8      | Found a white marble altar of Elyvilon.
  8973 | D:8      | Noticed a two-headed ogre
  8998 | D:7      | Reached skill level 5 in Invocations
  9424 | D:8      | Killed a two-headed ogre
  9424 | D:8      | Reached XP level 10. HP: 63/70 MP: 9/20
 10631 | D:8      | Found a shadowy altar of Dithmenos.
 10804 | D:9      | Reached skill level 8 in Spellcasting
 11460 | D:10     | Entered Level 10 of the Dungeon
 11480 | D:10     | Reached skill level 1 in Polearms
 11506 | D:10     | Reached **** piety under Sif Muna
 11584 | D:10     | Found a flagged portal.
 11608 | Bailey   | Entered a bailey
 11751 | Bailey   | Reached skill level 1 in Staves
 12322 | D:10     | Noticed an ice statue
 12341 | D:10     | Found a staircase to the Orcish Mines.
 12372 | D:10     | Reached skill level 9 in Spellcasting
 12445 | D:10     | Reached XP level 11. HP: 75/75 MP: 10/24
 13120 | D:10     | Noticed a purple ugly thing
 13280 | D:10     | Killed a purple ugly thing
 13444 | D:11     | Found Gonezop's Distillery.
 13506 | D:11     | Bought a potion of heal wounds for 65 gold pieces
 13522 | D:11     | Noticed a two-headed ogre
 13551 | D:11     | Noticed a six-headed hydra
 13922 | D:11     | Killed a six-headed hydra
 13922 | D:11     | Reached skill level 10 in Conjurations
 13935 | D:11     | Killed a two-headed ogre
 13945 | D:11     | Noticed a centaur warrior
 14181 | D:11     | Noticed a mana viper
 14191 | D:11     | a mana viper changed into a snapping turtle
 14385 | D:11     | Reached skill level 10 in Spellcasting
 15204 | D:11     | Noticed a shining eye
 15303 | D:11     | Found a staircase to the Lair.
 15500 | Lair:1   | Entered Level 1 of the Lair of Beasts
 16855 | Lair:2   | Learned a level 2 spell: Slow
 16929 | Lair:2   | Noticed Sonja
 17016 | Lair:2   | Reached skill level 1 in Hexes
 17130 | Lair:2   | Found a staircase to the Shoals.
 17139 | Lair:2   | Reached skill level 5 in Armour
 17777 | Lair:2   | Killed Sonja
 17777 | Lair:2   | Gained mutation: You have razor-sharp toenails. [demonic ancestry]
 17777 | Lair:2   | Reached XP level 12. HP: 81/81 MP: 16/26
 17857 | Lair:3   | Noticed a five-headed hydra
 19001 | Lair:3   | Killed a five-headed hydra
 19420 | D:12     | Noticed a seven-headed hydra
 19449 | D:12     | Killed a seven-headed hydra
 19449 | D:12     | Reached skill level 5 in Summonings
 19736 | D:12     | Noticed Frances
 19865 | D:11     | Noticed a two-headed ogre
 19865 | D:11     | a swamp dragon changed into a two-headed ogre
 19874 | D:11     | a two-headed ogre changed into a shock serpent
 19987 | D:12     | Noticed a two-headed ogre
 19990 | D:12     | Noticed a two-headed ogre
 21037 | D:12     | Killed a two-headed ogre
 21037 | D:12     | Reached skill level 11 in Spellcasting
 21352 | D:12     | Got a warped hand axe
 21400 | D:12     | Killed a two-headed ogre
 21962 | D:5      | Killed Anon1729's ghost
 22176 | D:11     | Noticed a storm dragon
 22176 | D:11     | Noticed an entropy weaver
 22176 | D:11     | a storm dragon changed into an entropy weaver
 22177 | D:11     | Noticed a minotaur
 22177 | D:11     | an entropy weaver changed into a minotaur
 22605 | D:13     | Gained mutation: When seriously injured, your bleeding wounds create very thick armour. (AC +12) [demonic ancestry]
 22605 | D:13     | Reached XP level 13. HP: 58/90 MP: 9/28
 22677 | D:13     | Reached skill level 5 in Fighting
 22806 | D:13     | Got a slimy tin ring
 22815 | D:13     | Identified the ring "Foxkid" {*Tele rC- MR+ Str+2 Stlth+} (You found it on level 13 of the Dungeon)
 22825 | D:13     | Identified the +7 hand axe of Intimidation {vamp, rPois Str+2} (You found it on level 12 of the Dungeon)
 22865 | D:13     | Learned a level 1 spell: Shock
 22871 | D:13     | Learned a level 5 spell: Lightning Bolt
 22874 | D:13     | Learned a level 2 spell: Swiftness
 22937 | D:13     | Found a runed gate.
 22948 | D:13     | Noticed MordorOrchid's ghost (journeyman TrBe)
 22985 | D:13     | Found a runed gate.
 22985 | D:13     | Found a runed gate.
 23129 | D:13     | Found Cucam's Magic Scroll Boutique.
 23137 | D:13     | Bought a scroll of fear for 38 gold pieces
 23141 | D:13     | Identified a scroll of acquirement
 23142 | D:13     | Got a slimy cloak
 23153 | D:13     | Identified the +1 cloak "Baechyun" {rN+} (You acquired it on level 13 of the Dungeon)
 23202 | D:13     | Reached skill level 1 in Axes
 23512 | D:13     | Learned a level 5 spell: Bolt of Draining
 23574 | D:14     | Noticed Agnes
 23598 | D:14     | Noticed Josephine
 23606 | D:14     | Killed Agnes
 23606 | D:14     | Reached skill level 1 in Necromancy
 23606 | D:14     | Killed Josephine
 23606 | D:14     | Reached skill level 12 in Spellcasting
 24914 | D:14     | Found a blossoming altar of Fedhas.
 24975 | D:14     | Reached ***** piety under Sif Muna
 25086 | D:14     | Noticed Roxanne
 25378 | D:14     | Found a gate to the Vaults.
 25625 | D:15     | Entered Level 15 of the Dungeon
 25626 | D:15     | Identified Sif Muna's Catalogue of Lethal Stones (Sif Muna gifted it to you on level 15 of the Dungeon)
 25626 | D:15     | Received a gift from Sif Muna
 25764 | D:15     | Found an iron altar of Okawaru.
 25848 | D:15     | Found a frozen archway.
 25857 | IceCv    | Entered an ice cave
 25877 | IceCv    | Reached skill level 5 in Air Magic
 25885 | IceCv    | Learned a level 5 spell: Bolt of Magma
 26568 | D:15     | Reached skill level 1 in Earth Magic
 26683 | D:15     | Found a staircase to the Depths.
 27604 | Lair:3   | Found a staircase to the Snake Pit.
 27765 | Lair:3   | Gained mutation: You regenerate magic rapidly. [demonic ancestry]
 27765 | Lair:3   | Reached XP level 14. HP: 98/98 MP: 15/30
 28875 | Lair:4   | Learned a level 4 spell: Leda's Liquefaction
 28992 | Lair:4   | Got a translucent golden ring
 28994 | Lair:4   | Identified the ring of Impatience {rPois rF- rC+ Str+6} (You found it on level 4 of the Lair of Beasts)
 30018 | Lair:5   | Reached skill level 5 in Earth Magic
 30420 | Lair:6   | Entered Level 6 of the Lair of Beasts
 30476 | Lair:6   | Found a staircase to the Slime Pits.
 30553 | Lair:6   | Identified Ryosij's Reference Book on Supportive Ice (Sif Muna gifted it to you on level 6 of the Lair of Beasts)
 30553 | Lair:6   | Received a gift from Sif Muna
 31357 | Lair:6   | Reached skill level 13 in Spellcasting
 32099 | Lair:6   | Learned a level 5 spell: Summon Forest
 32515 | D:14     | Killed MordorOrchid's ghost
 33333 | D:12     | Killed Frances
 33333 | D:12     | Reached skill level 1 in Shields
 33344 | D:11     | Noticed a quicksilver dragon
 33344 | D:11     | Noticed an azure jelly
 33344 | D:11     | a quicksilver dragon changed into an azure jelly
 33640 | Lair:6   | Got a dazzling falchion
 33641 | Lair:6   | Identified the +7 falchion "Qyopi" {slice, Fragile Str+8} (You found it on level 6 of the Lair of Beasts)
 33716 | Lair:6   | Identified Sif Muna's Reference Book on Earth (Sif Muna gifted it to you on level 6 of the Lair of Beasts)
 33716 | Lair:6   | Received a gift from Sif Muna
 34195 | Lair:6   | Reached skill level 14 in Spellcasting
 34231 | Lair:6   | Reached XP level 15. HP: 102/103 MP: 0/33
 34253 | Lair:6   | Got a bloodstained demon blade
 34254 | Lair:6   | Identified the +4 demon blade of Fimbulwinter {drain, Dex+5} (You found it on level 6 of the Lair of Beasts)
 34537 | Orc:1    | Entered Level 1 of the Orcish Mines
 34616 | Orc:1    | Found a runed door.
 34616 | Orc:1    | Noticed kalagan's ghost (journeyman DEFE)
 34661 | Orc:1    | HP: 3/103 [kalagan's ghost/fireball (35)]
 34664 | Orc:1    | Killed kalagan's ghost
 34664 | Orc:1    | Reached skill level 1 in Long Blades
 34758 | Orc:1    | Found Vubb's Armour Shop.
 35011 | Orc:2    | Entered Level 2 of the Orcish Mines
 35016 | Orc:2    | Found a staircase to the Elven Halls.
 35020 | Orc:2    | Found Woxuig's Assorted Antiques.
 35080 | Orc:2    | Found Ebaikkua's Distillery.
 35080 | Orc:2    | Found Jenk's Magic Scroll Shoppe.
 35080 | Orc:2    | Found Mocasirr's Jewellery Shoppe.
 35080 | Orc:2    | Found Buucobrir's General Store.
 35289 | Orc:2    | Reached skill level 5 in Long Blades
 35324 | Orc:2    | Gained mutation: Your magical capacity is low. (-10% MP) [a neqoxec]
 35726 | Orc:2    | Bought a scroll of enchant armour for 127 gold pieces
 35732 | Orc:2    | Bought an uncursed ring of wizardry for 450 gold pieces
 36032 | Elf:1    | Entered Level 1 of the Elven Halls
 36373 | Depths:1 | Entered Level 1 of the Depths
 36373 | Depths:1 | Noticed a caustic shrike
 36373 | Depths:1 | Noticed a fire giant
 36373 | Depths:1 | Noticed a fire giant
 36550 | Shoals:1 | Entered Level 1 of the Shoals
 36702 | Shoals:1 | HP: 5/103 [faun/uncursed spear (15)]
 36702 | Shoals:1 | Mangled by a merfolk impaler

Skill      XL: |  1  2  3  4  5  6  7  8  9 10 11 12 13 14 15 |
---------------+----------------------------------------------+-----
Fighting       | 1 2 3 4 5 |  5.2
Conjurations   | 2 3 4 6 7 8 9 10 11 | 11.2
Poison Magic   | 1 3 |  3.2
Spellcasting   | 4 6 7 9 10 11 12 14 | 14.0
Armour         | 2 3 5 6 |  6.1
Translocations | 2 4 |  4.1
Summonings     | 2 3 5 7 |  7.0
Fire Magic     | 3 4 |  4.0
Air Magic      | 1 5 |  5.0
Invocations    | 5 9 |  9.2
Dodging        | 2 4 |  4.0
Polearms       | 1 |  1.0
Staves         | 2 3 |  3.9
Hexes          | 3 4 |  4.0
Axes           | 4 |  4.1
Necromancy     | 3 |  3.1
Earth Magic    | 3 5 |  5.0
Shields        | 1 4 |  4.8
Long Blades    | 6 |  6.3
Stealth        | |  1.7

Action                   |  1- 3 |  4- 6 |  7- 9 | 10-12 | 13-15 || total
-------------------------+-------+-------+-------+-------+-------++-------
Melee: Unarmed           |     4 |       |       |       |       ||     4
       Mace              |    19 |       |       |       |       ||    19
       Spear             |    73 |    73 |       |       |       ||   146
       Kick              |     6 |     9 |    37 |    42 |       ||    94
       Quarterstaff      |       |    28 |   187 |   470 |    23 ||   708
       Hand axe          |       |       |       |       |   540 ||   540
       Falchion          |       |       |       |       |    87 ||    87
 Cast: Magic Dart        |    37 |    22 |   175 |   730 |   102 ||  1066
       Call Imp          |     5 |    15 |    50 |   108 |    17 ||   195
       Mephitic Cloud    |       |    11 |    50 |   213 |    96 ||   370
       Conjure Flame     |       |       |    48 |   111 |    12 ||   171
       Blink             |       |       |    17 |    48 |    20 ||    85
       Slow              |       |       |       |    30 |    24 ||    54
       Lightning Bolt    |       |       |       |       |   166 ||   166
       Shock             |       |       |       |       |    98 ||    98
       Bolt of Magma     |       |       |       |       |   133 ||   133
       Bolt of Draining  |       |       |       |       |     8 ||     8
       Summon Forest     |       |       |       |       |    12 ||    12
       Leda's Liquefacti |       |       |       |       |     8 ||     8
Invok: Divine Energy     |       |       |    10 |     6 |     3 ||    19
       Stop Divine Energ |       |       |    10 |     6 |     3 ||    19
       Channel Magic     |       |       |     1 |    25 |    11 ||    37
Evoke: Wand              |       |       |    37 |     4 |     2 ||    43
  Use: Scroll            |     2 |     1 |     6 |    23 |    21 ||    53
       Potion            |       |       |       |     6 |    10 ||    16
 Stab: Sleeping          |     4 |     4 |     2 |     3 |     1 ||    14
       Confused          |       |     8 |     6 |    16 |    18 ||    48
       Paralysed         |       |     1 |     3 |     1 |       ||     5
       Distracted        |       |       |       |     3 |     1 ||     4
       Petrified         |       |       |       |     3 |     1 ||     4
       Petrifying        |       |       |       |     1 |       ||     1
  Eat: Chunk             |     3 |     7 |    16 |    23 |    35 ||    84
       Ration            |       |       |     3 |     8 |    17 ||    28
Armor: Robe              |    15 |     9 |    57 |   177 |    26 ||   284
       Leather armour    |       |       |       |    28 |       ||    28
       Troll leather arm |       |       |       |       |    35 ||    35
       Acid dragon scale |       |       |       |       |   296 ||   296
Dodge: Dodged            |    63 |    33 |   169 |   485 |   720 ||  1470
       Deflected         |       |     7 |    10 |    31 |    28 ||    76
       Rpst.: Falchion   |       |       |       |       |    18 ||    18
